 Dungeon Sprint DCSS version 0.31-a0-325-g067879e3d3 (webtiles) character file.

Game seed: 14045078440201823004

1227 Conn the Arsonist (level 8, 0/47 HPs)
             Began as an Octopode Fire Elementalist on July 18, 2023.
             Was a Believer of Sif Muna.
             Slain by Snorg (6 damage)
             ... in the Dungeon (Sprint III: "The Ten Rune Challenge").
             The game lasted 00:06:14 (882 turns).

Conn the Arsonist (Octopode Fire Elementalist)       Turns: 882, Time: 00:06:15

Health: 0/47       AC:  3    Str:  8    XL:     8   Next: 48%
Magic:  9/21       EV: 14    Int: 19    God:    Sif Muna [**....]
Gold:   20         SH:  0    Dex: 12    Spells: 13/26 levels left

rFire   . . .        b - +0 long sword (holy)
rCold   . . .        (no shield)
rNeg    . . .        (helmet restricted)
rPois   .            (no amulet)
rElec   .            (no ring)
rCorr   .            (no ring)
SInv    .            (no ring)
Will    .....        (no ring)
Stlth   +++++        (no ring)
HPRegen 0.27/turn    (no ring)
MPRegen 0.17/turn    (no ring)
                     (no ring)

%: no teleportation, clarity
@: no status effects
A: almost no armour, amphibious, 8 rings, camouflage 1, gelatinous body 1,
(nimble swimmer 1), tentacles, iridescent scales 1, clarity, deterioration 1
a: Renounce Religion, Channel Magic


You were in the Dungeon.
You worshipped Sif Muna.
Sif Muna was pleased with you.
You visited 1 branch You collected 20 gold pieces.

Inventory:

Hand Weapons
 b - a +0 long sword of holy wrath (weapon)
 n - a +0 dagger
Wands
 f - a wand of paralysis (10)
Scrolls
 g - a scroll of enchant armour {unknown}
 i - a scroll of immolation {unknown}
 j - a scroll of acquirement {unknown}
 l - a scroll of poison {unknown}
 m - a scroll of identify {unknown}
Potions
 a - 3 potions of magic
 c - a potion of heal wounds
 d - a potion of haste
 e - a potion of berserk rage
 h - 3 potions of mutation
 k - 3 potions of enlightenment
Miscellaneous
 o - a phantom mirror


   Skills:
 + Level 0.7 Fighting
 + Level 4.0 Dodging
 + Level 7.9 Stealth
 + Level 0.1 Unarmed Combat
 + Level 9.7 Spellcasting
 + Level 5.1 Conjurations
 + Level 2.2 Hexes
 + Level 12.7 Fire Magic
 * Level 1.5 Invocations


You had 13 spell levels left.
You knew the following spells:

 Your Spells              Type           Power      Damage    Failure   Level
a - Foxfire               Conj/Fire      100%       2x1d9     1%          1
b - Scorch                Fire           100%       2d9       1%          2
c - Inner Flame           Hex/Fire       37%        N/A       1%          3
d - Flame Wave            Conj/Fire      43%        2d11      1%          4
e - Frozen Ramparts       Ice            18%        1d3       22%         3

Your spell library contained the following spells:

 Spells                   Type           Power      Damage    Failure   Level
 Volatile Blastmotes      Fire/Tloc      66%        2d15      1%          3
 Petrify                  Tmut/Erth      9%         N/A       58%         4
 Metabolic Englaciation   Hex/Ice        6%         N/A       80%         5


Dungeon Overview and Level Annotations

Branches:
Dungeon (1/1)

Altars:
Cheibriados
Dithmenos
Elyvilon
Fedhas
Gozag
Hepliaklqana
Kikubaaqudgha
Makhleb
Nemelex Xobeh
Okawaru
Qazlal
Ru
Sif Muna
Trog
Uskayaw
Vehumet
Wu Jian
Xom
Yredelemnul
Zin
The Shining One
Jiyva
Lugonu

Annotations:
D Snorg


Innate Abilities, Weirdness & Mutations

You cannot wear most types of armour.
You are amphibious.
You can wear up to eight rings at the same time.
Your skin changes colour to match your surroundings (Stealth+).
Your rubbery body absorbs attacks. (AC +1, EV +1)
((You are camouflaged when in or above water. (Stealth+)))
You have tentacles for arms and can constrict up to eight enemies at once.
You are partially covered in iridescent scales. (AC +2)
You possess an exceptional clarity of mind.
Your body sometimes deteriorates upon taking damage.


Message History

Casting: Flame Wave (dangerous; 1% risk of failure)
Confirm with . or Enter, or press ? or * to list all spells.
Flames lash Snorg.
Snorg shouts!
Snorg is lightly wounded.
Snorg's fire resistance burns away.
Snorg goes berserk!
Casting: Scorch (safe; 1% risk of failure)
Confirm with . or Enter, or press ? or * to list all spells.
Okay, then.
Casting: Scorch (safe; 1% risk of failure)
Confirm with . or Enter, or press ? or * to list all spells.
Flames lash Snorg.
Snorg is burned terribly!
Snorg is moderately wounded.
Unknown command.
Casting: Scorch (safe; 1% risk of failure)
Confirm with . or Enter, or press ? or * to list all spells.
Flames lash Snorg.
Snorg is burned terribly!
Snorg is moderately wounded.
Snorg bites you. Snorg misses you. Snorg claws you but does no damage.
Unknown command.
Casting: Scorch (safe; 1% risk of failure)
Confirm with . or Enter, or press ? or * to list all spells.
Flames lash Snorg.
Snorg is burned terribly!
Snorg is heavily wounded.
Snorg misses you. Snorg completely misses you. Snorg claws you!
Unknown command.
Casting: Scorch (safe; 1% risk of failure)
Confirm with . or Enter, or press ? or * to list all spells.
Casting: Flame Wave (dangerous; 1% risk of failure)
Press: ? - help, Dir - look around, f - activate A wave of flame ripples out!
The flame wave engulfs Snorg!
Snorg is burned terribly!
Snorg is heavily wounded. (Press . to intensify the flame waves.) Snorg is engulfed in a cloud of scalding steam.
Snorg bites you!!
Ouch! That really hurt!
* * * LOW HITPOINT WARNING * * *
Snorg claws you.
You die...

♣.############
♣♣.#___#___#__#
.♣.#...#__§#._#
...###'#'###'##
...#.......÷..#
...'.⌠........#
...#...######'#
...#.⌠[#__#...#+#####
...#...#__#...#.@§§§+
...#'###__#...#.#T§§#
...#.).#__#...'.#§§§#
...#___#__'...#.#.§.#
▓▓▓▓▓▓▓▓▓▓▓▓▓▓▓▓▓▓▓▓▓


You could see Snorg (berserk, combustible).

Vanquished Creatures
  A deep elf pyromancer (D)
  A shadow (D)
  A spatial vortex (D)
  A water elemental (D)
  A necrophage (D)
  A jelly (D)
  A wizard (D)
  A necromancer (D)
  A kobold demonologist (D)
  3 humans (D)
  A wolf (D)
  An endoplasm (D)
  3 rats (D)
17 creatures vanquished.

Vanquished Creatures (others)
  77 foxfires (D)
77 creatures vanquished.

Grand Total: 94 creatures vanquished

Notes
Turn   | Place    | Note
-------+----------+-------------------------------------------
     0 | D        | Conn the Octopode Fire Elementalist began the quest for the
                  | Orb.
     0 | D        | Reached XP level 1. HP: 11/11 MP: 3/3
    82 | D        | Noticed a wolf
    94 | D        | Killed a wolf
    95 | D        | Reached skill level 5 in Fire Magic
    95 | D        | Reached XP level 2. HP: 17/17 MP: 0/6
    95 | D        | Reached XP level 3. HP: 21/21 MP: 0/7
    98 | D        | Learned a level 2 spell: Scorch
   102 | D        | Learned a level 3 spell: Inner Flame
   120 | D        | Gained mutation: You are agile. (Dex +4, Str/Int -1)
                  | [potion of mutation]
   130 | D        | Lost mutation: You are agile. (Dex +4, Str/Int -1) [potion
                  | of mutation]
   130 | D        | Gained mutation: You are partially covered in iridescent
                  | scales. (AC +2) [potion of mutation]
   130 | D        | Gained mutation: Your body sometimes deteriorates upon
                  | taking damage. [potion of mutation]
   130 | D        | Gained mutation: You possess an exceptional clarity of
                  | mind. [potion of mutation]
   159 | D        | Noticed a water elemental
   162 | D        | Killed a water elemental
   163 | D        | Reached skill level 5 in Stealth
   163 | D        | Reached skill level 6 in Fire Magic
   163 | D        | Reached XP level 4. HP: 27/27 MP: 1/10
   248 | D        | Found a radiant altar of Vehumet.
   248 | D        | Found a shimmering blue altar of Sif Muna.
   248 | D        | Found an ancient bone altar of Kikubaaqudgha.
   248 | D        | Noticed a wizard
   249 | D        | Killed a wizard
   250 | D        | Reached skill level 7 in Fire Magic
   250 | D        | Reached XP level 5. HP: 31/31 MP: 8/11
   254 | D        | Noticed a hellwing
   267 | D        | Became a worshipper of Sif Muna the Loreminder
   335 | D        | Learned a level 4 spell: Flame Wave
   336 | D        | Found a hide-covered altar of Uskayaw.
   336 | D        | Found an iron altar of Okawaru.
   336 | D        | Found a bloodstained altar of Trog.
   336 | D        | Found an ornate altar of the Wu Jian Council.
   336 | D        | Noticed a human
   336 | D        | Noticed a human
   349 | D        | Killed a human
   350 | D        | Reached skill level 9 in Fire Magic
   350 | D        | Reached XP level 6. HP: 29/36 MP: 0/15
   351 | D        | Killed a human
   352 | D        | Reached skill level 1 in Hexes
   352 | D        | Reached skill level 10 in Fire Magic
   466 | D        | Found a glowing silver altar of Zin.
   466 | D        | Found a glowing golden altar of the Shining One.
   466 | D        | Found a white marble altar of Elyvilon.
   467 | D        | Noticed a deep elf pyromancer
   471 | D        | Killed a deep elf pyromancer
   471 | D        | Reached * piety under Sif Muna
   472 | D        | Reached skill level 12 in Fire Magic
   472 | D        | Reached XP level 7. HP: 40/42 MP: 12/19
   526 | D        | Found a basalt altar of Yredelemnul.
   526 | D        | Found a shadowy altar of Dithmenos.
   526 | D        | Found a sacrificial altar of Ru.
   530 | D        | Reached XP level 8. HP: 47/47 MP: 15/20
   586 | D        | Reached ** piety under Sif Muna
   586 | D        | Noticed a shadow
   593 | D        | Killed a shadow
   594 | D        | Reached skill level 5 in Conjurations
   706 | D        | Found a blossoming altar of Fedhas.
   706 | D        | Found a stormy altar of Qazlal.
   707 | D        | Found a snail-covered altar of Cheibriados.
   707 | D        | Found a burning altar of Makhleb.
   707 | D        | Found a hazy altar of Hepliaklqana.
   707 | D        | Found a shimmering altar of Xom.
   707 | D        | Found an opulent altar of Gozag.
   707 | D        | Found a sparkling altar of Nemelex Xobeh.
   707 | D        | Found a corrupted altar of Lugonu.
   707 | D        | Found a viscous altar of Jiyva.
   798 | D        | Reached skill level 1 in Invocations
   874 | D        | Learned a level 3 spell: Frozen Ramparts
   877 | D        | Noticed Snorg
   882 | D        | Slain by Snorg

Illustrated notes

Levels and vault maps discovered:
D:        dungeon_sprint_mu [sprint_mu_entry_forest, sprint_mu_temple_rooms,
          sprint_mu_d1_horrors, sprint_mu_d2_genie, sprint_mu_d3_branching,
          sprint_mu_orc_legion, sprint_mu_elf_gauntlet, sprint_mu_hive_nellie,
          sprint_mu_lair_fedhas, sprint_mu_vaults_butterflies,
          sprint_mu_slime_circle, sprint_mu_shoals_archi,
          sprint_mu_snake_twists, sprint_mu_blade_basic, sprint_mu_crypt_lich,
          sprint_mu_tomb_spiral, sprint_mu_vestibule_basic,
          sprint_mu_gehenna_hellfire, sprint_mu_dis_giant,
          sprint_mu_tartarus_statrot, sprint_mu_cocytus_islands, sprint_mu_zot1]

Skill      XL: |  1  2  3  4  5  6  7  8 |
---------------+-------------------------+-----
Stealth        | 4 5 6 7 |  7.9
Spellcasting   | 3 4 6 8 9 |  9.7
Fire Magic     | 5 6 7 9 12 | 12.7
Dodging        | 3 4 |  4.0
Conjurations   | 2 3 4 5 |  5.1
Hexes          | 1 2 |  2.2
Invocations    | 1 |  1.5
Fighting       | |  0.7
Unarmed Combat | |  0.1

Action                     |  1- 3 |  4- 6 |  7- 9 || total
---------------------------+-------+-------+-------++-------
  Melee: Unarmed           |     2 |       |       ||     2
         Tentacles         |     2 |       |       ||     2
         Dagger            |       |     1 |       ||     1
   Cast: Foxfire           |     8 |     2 |    35 ||    45
         Scorch            |     3 |     5 |    13 ||    21
         Inner Flame       |       |     2 |     2 ||     4
         Flame Wave        |       |     1 |     2 ||     3
 Invoke: Channel Magic     |       |       |     1 ||     1
    Use: Potion            |     2 |     2 |       ||     4
         Scroll            |       |     1 |       ||     1
 Armour: Skin              |       |       |     1 ||     1
  Dodge: Dodged            |     1 |     2 |     3 ||     6

Table legend: (Time is in decaauts)
 A = Elapsed time spent in this place.
 B = Non-inter-level travel time spent in this place.
 C = Inter-level travel time spent in this place.
 D = Time resting spent in this place.
 E = Time spent auto-exploring this place.
 F = Levels seen in this place.
 G = Mean time per level.
                   A        B        C        D        E       F      G
               +--------+--------+--------+--------+--------+-----+--------+
         Total |    881 |    881 |      0 |    536 |      0 |   1 |  881.0 |
       Dungeon |    881 |    881 |      0 |    536 |      0 |   1 |  881.0 |
               +--------+--------+--------+--------+--------+-----+--------+

Top non-repeatable levels by time:
       D: 881 daAuts
